 Dungeon Crawl Stone Soup version 0.27.0-1-g7a08968 (webtiles) character file.

Game seed: 8915120338475073332

756 NeededCrab the Spear-Bearer (level 7, 50/50 HPs)
             Began as a Merfolk Gladiator on Sept 19, 2021.
             Was an Initiate of Hepliaklqana.
             Quit the game on level 4 of the Dungeon on Sept 25, 2021.
             The game lasted 00:18:23 (7174 turns).

NeededCrab the Spear-Bearer (Merfolk Gladiator)     Turns: 7174, Time: 00:18:24

Health: 50/50      AC:  4    Str: 14    XL:     7   Next: 79%
Magic:  7/7        EV: 15    Int: 10    God:    Hepliaklqana [......]
Gold:   276        SH:  0    Dex: 15    Spells: 6/6 levels left

rFire    . . .     SeeInvis .   k - +0 halberd
rCold    . . .     Faith    .   (shield currently unavailable)
rNeg     . . .     Spirit   .   b - +0 leather armour
rPois    .         Reflect  .   c - +0 helmet
rElec    .         Harm     .   (no cloak)
rCorr    .         Rampage  .   (no gloves)
Will     .....                  (no boots)
Stlth    +.........             g - amulet of magic regeneration
HPRegen  0.16/turn              (no ring)
MPRegen  0.35/turn              (no ring)

@: no status effects
A: (nimble swimmer 2), mertail
a: Renounce Religion


You were on level 4 of the Dungeon.
You worshipped Hepliaklqana.
Hepliaklqana was noncommittal.
You visited 2 branches of the dungeon, and saw 6 of its levels.

You collected 276 gold pieces.

Inventory:

Hand Weapons
 a - a +0 trident
 k - a +0 halberd (weapon)
Missiles
 d - 5 throwing nets
 j - 144 stones (quivered)
Armour
 b - a +0 leather armour (worn)
 c - a +0 helmet (worn)
 f - a +0 kite shield
Jewellery
 g - an amulet of magic regeneration (around neck)
Wands
 r - a wand of charming (8)
Scrolls
 e - a scroll of brand weapon {unknown}
 h - a scroll of identify
 i - a scroll of teleportation
 l - a scroll of vulnerability {unknown}
 m - a scroll of enchant armour {unknown}
 n - a scroll of blinking
 o - a scroll of magic mapping
 p - a scroll of fear {unknown}
 q - a scroll of noise
 s - a scroll of amnesia {unknown}


   Skills:
 - Level 2.1 Fighting
 * Level 9.8 Polearms
 - Level 2.0 Throwing
 + Level 6.9 Dodging
 + Level 3.4 Shields


You had 6 spell levels left.
You didn't know any spells.
Your spell library contained the following spells:

 Spells                   Type           Power      Damage    Failure   Level
 Slow                     Hex            0%         N/A       58%         2
 Confusing Touch          Hex            0%         N/A       82%         3
 Yara's Violent Unravell  Hex/Tmut       0%         3d3       100%        5


Dungeon Overview and Level Annotations

Branches:
Dungeon (5/15)             Temple (1/1) D:4

Altars:
Ashenzari
Cheibriados
Dithmenos
Fedhas
Gozag
Hepliaklqana
Kikubaaqudgha
Makhleb
Nemelex Xobeh
Okawaru
Qazlal
Ru
Sif Muna
Uskayaw
Xom
Zin


Innate Abilities, Weirdness & Mutations

((You are quick and stealthy near water. (Stealth+, EV+, Speed+++)))
Your lower body shifts to a powerful aquatic tail in water.


Message History

Aim: a gnoll, wielding a +0 spear (severely wounded, about 39% to evade your +0 halberd)
You reach to attack!
Your leather armour prevents you from hitting the gnoll.
The gnoll is severely wounded.
The gnoll hits you from afar with a +0 spear.
* * * LOW HITPOINT WARNING * * *
Reach: k) +0 halberd
Press: ? - help, Dir - move target, f/p - gnoll
Aim: a gnoll, wielding a +0 spear (severely wounded, about 39% to evade your +0 halberd)
You reach to attack!
You closely miss the gnoll.
The gnoll is severely wounded.
The gnoll barely misses you.
Reach: k) +0 halberd
Press: ? - help, Dir - move target, f/p - gnoll
Aim: a gnoll, wielding a +0 spear (severely wounded, about 39% to evade your +0 halberd)
You reach to attack!
You barely miss the gnoll.
The gnoll is severely wounded.
The gnoll misses you.
Reach: k) +0 halberd
Press: ? - help, Dir - move target, f/p - gnoll
Aim: a gnoll, wielding a +0 spear (severely wounded, about 39% to evade your +0 halberd)
You reach to attack!
You barely miss the gnoll.
The gnoll is severely wounded.
The gnoll hits you from afar with a +0 spear.
* * * LOW HITPOINT WARNING * * *
Reach: k) +0 halberd
Press: ? - help, Dir - move target, f/p - gnoll
Aim: a gnoll, wielding a +0 spear (severely wounded, about 39% to evade your +0 halberd)
You reach to attack!
You slash the gnoll!
You kill the gnoll!
There is a stone staircase leading up here.
You climb upwards.
There is a stone staircase leading down, spattered with blood here.
You start resting.
HP restored.
Saving game... please wait.
Welcome back, NeededCrab the Merfolk Gladiator.
Hepliaklqana says: Your past becomes your present!
Press ? for a list of commands and other information.
Are you sure you want to abandon this character and quit the game? (Confirm with "yes".)

#......#.# #......#
######.#.# #.####.#
#######.#.# #.##...#
.....##.#.# #.##.###
...#.##.#.# #.##.#
##.#.##.#.# #....#
#.#.##.#.# ######
##.#.##.#.###########
................@[..#
##..#.#.#.#########.#
.................<#.#
.##.#.#.#..########.#
..#.................#
..#.#.#.#.###########
..#.......#
..####.##+##
...........#


There were no monsters in sight!

Vanquished Creatures
  A sky beast (D:4)
  A phantom (D:4)
  A wyvern skeleton (D:4)
  A howler monkey (D:5)
  A hound (D:3)
  3 bullfrog skeletons (D:5)
  2 iguanas (D:4)
  Robin (D:2)
  14 gnolls
  7 adders
  2 river rats (D:4)
  2 adder skeletons
  An adder zombie (D:5)
  3 worms
  3 dart slugs
  An orc (D:4)
  A bat (D:1)
  8 endoplasms
  2 giant cockroaches
  17 goblins
  6 hobgoblins
  8 jackals
  4 kobolds
  A quokka (D:3)
  5 ball pythons
  2 frilled lizards (D:1)
  7 rats
105 creatures vanquished.

Notes
Turn   | Place    | Note
-------+----------+-------------------------------------------
     0 | D:1      | NeededCrab the Merfolk Gladiator began the quest for the
                  | Orb.
     0 | D:1      | Reached XP level 1. HP: 16/16 MP: 1/1
   262 | D:1      | Reached XP level 2. HP: 20/22 MP: 2/2
   284 | D:1      | Reached skill level 5 in Polearms
   615 | D:1      | Reached XP level 3. HP: 27/27 MP: 3/3
   861 | D:2      | Noticed Robin
   903 | D:2      | Reached skill level 6 in Polearms
  1414 | D:1      | Reached XP level 4. HP: 20/28 MP: 4/4
  1590 | D:2      | Killed Robin
  1881 | D:2      | Reached skill level 5 in Dodging
  2717 | D:3      | Reached skill level 7 in Polearms
  2717 | D:3      | Reached skill level 1 in Shields
  2717 | D:3      | Reached XP level 5. HP: 21/38 MP: 5/5
  4213 | D:4      | Reached XP level 6. HP: 36/44 MP: 6/6
  4377 | D:4      | Found a staircase to the Ecumenical Temple.
  4396 | Temple   | Entered the Ecumenical Temple
  4628 | Temple   | Became a worshipper of Hepliaklqana the Forgotten
  4769 | D:4      | Reached skill level 8 in Polearms
  5407 | D:4      | Reached XP level 7. HP: 45/50 MP: 7/7
  5824 | D:5      | Entered Level 5 of the Dungeon
  5931 | D:5      | Reached skill level 9 in Polearms
  7174 | D:4      | Quit the game

Illustrated notes

Levels and vault maps discovered:
D:1:      minmay_arrival_solitary_statue, layout_loops_cross
D:2:      layout_rooms, uniq_robin
D:3:      layout_loops_corners
D:4:      layout_basic, minmay_temple_entry_trees, lightli_sewer_entry_pipes,
          serial_glass, glass_columns_b, glass_columns_c
D:5:      layout_rooms
Temple:   eino_temple_rhombus

Skill      XL: |  1  2  3  4  5  6  7 |
---------------+----------------------+-----
Polearms       | 5 6 7 8 9 |  9.8
Dodging        | 5 6 |  6.9
Shields        | 1 2 3 |  3.4
Fighting       | |  2.1
Throwing       | |  2.0

Action                   |  1- 3 |  4- 6 |  7- 9 || total
-------------------------+-------+-------+-------++-------
Melee: Trident           |    87 |   255 |    97 ||   439
       Tailslap          |       |     1 |       ||     1
       Halberd           |       |       |    15 ||    15
Throw: Stone             |       |     2 |       ||     2
  Use: Scroll            |       |       |     6 ||     6
       Potion            |       |       |     2 ||     2
 Stab: Sleeping          |     4 |     6 |       ||    10
Armor: Leather armour    |    17 |    30 |    15 ||    62
       Skin              |       |       |     5 ||     5
Dodge: Dodged            |    40 |   116 |    46 ||   202
